 Dungeon Crawl Stone Soup version 0.20.2-3-g29329e0561 (webtiles) character file.

23 MordorOrchid the Grave Robber (level 3, -3/23 HPs)
             Began as an Octopode Necromancer on June 30, 2020.
             Slain by a hobgoblin
             ... wielding a +0 club
              (6 damage)
             ... on level 2 of the Dungeon.
             The game lasted 00:03:11 (496 turns).

MordorOrchid the Grave Robber (Octopode Necromancer) Turns: 496, Time: 00:03:11

Health: -3/23      AC:  1    Str:  7    XL:     3   Next: 0%
Magic:  0/6        EV: 13    Int: 18    God:
Gold:   17         SH:  0    Dex: 12    Spells: 4/6 levels left

rFire    . . .     SeeInvis .   c - +0 short sword
rCold    . . .     Gourm    .   (no shield)
rNeg     . . .     Faith    .   (helmet restricted)
rPois    .         Spirit   .   (no amulet)
rElec    .         Reflect  .   (no ring)
rCorr    .         Harm     .   (no ring)
MR       .....                  (no ring)
Stlth    +++.......             (no ring)
Regen    0.1/turn               (no ring)
MPRegen  0.1/turn               (no ring)
                                (no ring)
                                (no ring)

@: no status effects
A: almost no armour, stealthy swim, amphibious, 8 rings, constrict 8, camouflage
1, gelatinous body 1
a: no special abilities


You were on level 2 of the Dungeon.
You were not hungry.

You visited 1 branch of the dungeon, and saw 2 of its levels.

You collected 17 gold pieces.

Inventory:

Hand Weapons
 c - a +0 short sword (weapon)
 k - a +0 hunting sling
Missiles
 e - 13 sling bullets
 g - 31 stones (quivered)
 n - 14 arrows
Scrolls
 m - a scroll of enchant weapon {unknown}
Potions
 d - a potion of degeneration {unknown}
 j - a potion of curing {unknown}
 l - a potion of haste {unknown}
Books
 a - a book of Necromancy

   Spells                             Type                      Level
   a - Pain                           Necromancy                   1
   b - Animate Skeleton               Necromancy                   1
   c - Vampiric Draining              Necromancy                   3
   d - Regeneration                   Charms/Necromancy            3
   e - Animate Dead                   Necromancy                   4
   f - Control Undead                 Necromancy                   4
Comestibles
 b - 2 bread rations
 f - 2 meat rations
 h - 4 chunks of flesh
 i - 3 fruits
 o - a royal jelly


   Skills:
 * Level 1.0 Fighting
 * Level 2.0 Dodging
 - Level 3.0 Stealth
 * Level 2.3 Spellcasting
 + Level 4.3 Necromancy


You had 4 spell levels left.
You knew the following spells:

 Your Spells              Type           Power        Failure   Level  Hunger
a - Pain                  Necr           ###.         3%          1    #......
u - Animate Skeleton      Necr           N/A          3%          1    #......


Dungeon Overview and Level Annotations

Branches:
Dungeon (2/15)

Altars:
The Shining One


Innate Abilities, Weirdness & Mutations

You cannot wear most types of armour.
You are very stealthy in the water. (Stealth+)
You are amphibious.
You can wear up to eight rings at the same time.
You can use your tentacles to constrict eight enemies at once.
Your skin changes colour to match your surroundings (Stealth+).
Your rubbery body absorbs attacks. (AC +1, EV +1)


Message History

Casting: Pain
Confirm with . or Enter, or press ? or * to list all spells.
You attempt to give life to the dead...
Before your eyes, flesh is ripped from the corpse!
The dead are walking!
The hobgoblin hits you with a club!
* * * LOW HITPOINT WARNING * * *
You see here 2 inedible chunks of flesh.
Casting: Animate Skeleton
Confirm with . or Enter, or press ? or * to list all spells.
Aiming: Pain
Press: ? - help, Shift-Dir - straight line, f - hobgoblin
Aim: a hobgoblin, wielding a club (chance to defeat MR: 87%)
The hobgoblin writhes in agony!
Casting: Pain
Confirm with . or Enter, or press ? or * to list all spells.
Aiming: Pain
Press: ? - help, Shift-Dir - straight line, f/p - hobgoblin
Aim: a hobgoblin, wielding a club (moderately wounded, chance to defeat MR: 87%)
The hobgoblin writhes in agony!
The hobgoblin hits you with a club.
You die...

##)# #.# #.# #.#
#.# #########.#
..........#
####.#########.#
.....Zg@.......#
.....###########
###


You could see a hobgoblin and a friendly kobold skeleton.

Vanquished Creatures
  A dart slug (D:2)
  A leopard gecko (D:1)
  4 bats (D:1)
  A giant cockroach (D:1)
  A goblin (D:1)
  3 hobgoblins (D:1)
  A frilled lizard (D:1)
  5 kobolds
  4 rats (D:1)
21 creatures vanquished.

Notes
Turn   | Place    | Note
-------+----------+-------------------------------------------
     0 | D:1      | MordorOrchid the Octopode Necromancer began the quest for the Orb.
     0 | D:1      | Reached XP level 1. HP: 11/11 MP: 3/3
    67 | D:1      | Found a glowing golden altar of the Shining One.
   167 | D:1      | Learned a level 1 spell: Animate Skeleton
   186 | D:1      | Reached XP level 2. HP: 10/17 MP: 5/5
   461 | D:2      | Reached skill level 1 in Fighting
   491 | D:2      | Reached XP level 3. HP: 13/23 MP: 3/6
   496 | D:2      | Slain by a hobgoblin

Skill      XL: |  1  2 |
---------------+-------+-----
Stealth        | 3 |  3.0
Fighting       | 1 |  1.0
Dodging        | |  2.0
Spellcasting   | |  2.3
Necromancy     | |  4.3

Action                   || total
-------------------------++-------
Melee: Short sword       ||    20
       Constrict         ||     5
       Tentacles         ||     3
 Cast: Pain              ||    20
       Animate Skeleton  ||     5
 Stab: Sleeping          ||     6
Dodge: Dodged            ||     8
